 Dungeon Crawl Stone Soup version 0.29.1-12-g30fa7ad0bf (webtiles) character file.

Game seed: 14892286724969913493

11148 hawla the Thaumaturge (level 12, -1/91 HPs)
             Began as a Meteoran Ice Elementalist on Dec 12, 2022.
             Was a Priest of Vehumet.
             Slain by a jumping spider (6 damage)
             ... on level 3 of the Spider Nest.
             The game lasted 00:38:17 (6529 turns).

hawla the Thaumaturge (Meteoran Ice Elementalist)   Turns: 6529, Time: 00:38:18

Health: -1/91      AC:  8    Str:  8    XL:     12   Next: 30%
Magic:  35/39      EV: 14    Int: 25    God:    Vehumet [***...]
Gold:   135        SH:  0    Dex: 13    Spells: 22/37 levels left

rFire   . . .      SeeInvis .   j - +1 spear "Siwiof" {vorpal, Int+2}
rCold   + . .      Faith    .   (no shield)
rNeg    + . .      Spirit   .   a - +2 robe
rPois   +          Reflect  .   (no helmet)
rElec   +          Harm     .   e - +1 cloak of Haidoggya {Regen+}
rCorr   .          Rampage  .   d - +1 pair of gloves of Zin {rElec Regen+ Str-3 Int+2}
Will    +....                   (no boots)
Stlth   +.........              D - amulet of regeneration
HPRegen 2.65/turn               k - ring "Nint" {rPois rC+ rN+ Dex-2}
MPRegen 0.26/turn               x - ring of magical power

@: confused, freezing walls, glowing
A: sense surroundings 2, otherworldly, glowing, explore regen
a: Renounce Religion


You were on level 3 of the Spider Nest.
You worshipped Vehumet.
Vehumet was most pleased with you.
You visited 4 branches of the dungeon, and saw 16 of its levels.
You also visited: Sewer.

You collected 669 gold pieces.
You spent 534 gold pieces at shops.

Inventory:

Hand Weapons
 j - the +1 spear "Siwiof" (weapon) {vorpal, Int+2}
   (You found it on level 5 of the Dungeon)

   It inflicts extra damage upon your enemies.
   Int:       It affects your intelligence (+2).
Armour
 a - a +2 robe (worn)
 d - the +1 pair of gloves of Zin (worn) {rElec Regen+ Str-3 Int+2}
   (You acquired it on level 5 of the Dungeon)

   Str:       It affects your strength (-3).
   Int:       It affects your intelligence (+2).
   rElec:     It insulates you from electricity.
   Regen:     It increases your rate of health regeneration.
 e - the +1 cloak of Haidoggya (worn) {Regen+}
   (You acquired it on level 1 of the Lair of Beasts)

   Regen:     It increases your rate of health regeneration.
Jewellery
 k - the ring "Nint" (left hand) {rPois rC+ rN+ Dex-2}
   (You found it on level 3 of the Dungeon)

   [ring of protection from cold]

   Dex:       It affects your dexterity (-2).
   rC:        It protects you from cold.
   rPois:     It protects you from poison.
   rN:        It protects you from negative energy.
 u - a ring of positive energy
 x - a ring of magical power (right hand)
 D - an amulet of regeneration (around neck)
Wands
 i - a wand of roots (5)
 q - a wand of flame (3) (quivered)
 F - a wand of quicksilver (4)
Scrolls
 b - 2 scrolls of noise {unknown}
 c - 3 scrolls of teleportation
 g - 4 scrolls of butterflies
 l - 2 scrolls of fear
 r - a scroll of poison {unknown}
 s - a scroll of torment {unknown}
 y - a scroll of immolation {unknown}
Potions
 f - 2 potions of might
 h - a potion of ambrosia
 m - 2 potions of mutation {unknown}
 n - 13 potions of curing
 o - a potion of brilliance
 p - 3 potions of lignification {unknown}
 t - a potion of haste {unknown}
 v - 3 potions of degeneration {unknown}
 w - 2 potions of heal wounds
 z - 4 potions of attraction {unknown}
 C - a potion of resistance {unknown}
 E - a potion of berserk rage {unknown}


   Skills:
 + Level 4.2 Fighting
 + Level 4.1 Polearms
 + Level 6.6 Dodging
 - Level 1.4 Stealth
 + Level 13.4 Spellcasting
 + Level 7.0 Conjurations
 + Level 1.6 Translocations
 + Level 0.3 Transmutations
 + Level 12.2 Ice Magic
 + Level 0.2 Earth Magic
 + Level 2.9 Evocations


You had 22 spell levels left.
You knew the following spells:

 Your Spells              Type           Power      Damage    Failure   Level
a - Freeze                Ice            100%       1d11      0%          1
b - Frozen Ramparts       Ice            100%       1d16      1%          3
c - Hailstorm             Conj/Ice       60%        3d13      1%          4
d - Blink                 Tloc           48%        N/A       2%          2
e - Passwall              Tmut/Erth      15%        N/A       4%          2
f - Mephitic Cloud        Conj/Pois/Air  28%        N/A       1%          3

Your spell library contained the following spells:

 Spells                   Type           Power      Damage    Failure   Level
 Sandblast                Erth           36%        2d10      1%          1
 Ensorcelled Hibernation  Hex/Ice        94%        N/A       1%          2
 Ozocubu's Armour         Ice            67%        N/A       1%          3
 Stone Arrow              Conj/Erth      70%        3d11      1%          3
 Gell's Gravitas          Tloc           24%        N/A       5%          3
 Lesser Beckoning         Tloc           24%        N/A       5%          3
 Teleport Other           Tloc           24%        N/A       5%          3
 Spider Form              Tmut/Pois      17%        N/A       10%         3
 Anguish                  Hex/Necr       8%         N/A       34%         4
 Manifold Assault         Tloc           24%        N/A       45%         5


Dungeon Overview and Level Annotations

Branches:
Dungeon (10/15) Zot: 577   Temple (1/1) D:6 Zot: 573    Lair (2/5) D:10 Zot: 423
 Spider (3/4) Lair:2 Zot: 1610     Orc (0/2) D:9           Sewer (visited)
  Swamp: Lair:2-3    Shoals: Lair:2-3

Altars:
Ashenzari
Cheibriados
Dithmenos
Fedhas
Gozag
Qazlal
Sif Muna
Vehumet
Xom
The Shining One

Shops:
D:4 [:*!*   D:6 [   D:8 (

Portals:
Volcano: Lair:2

Annotations:
Lair:1 2 transporters, EnigmaticFellow's ghost, journeyman OgFE


Innate Abilities, Weirdness & Mutations

You passively map the area around you.
You are easily found by Zot.
You glow in the dark.
You regain HP and MP as you explore.


Message History

Casting: Frozen Ramparts (safe; 1% risk of failure)
Confirm with . or Enter, or press ? or * to list all spells.
Aiming: Passwall (safe; 4% risk of failure)
Press: ? - help, Dir - move target A rock wall, covered with ice.
Your frozen ramparts will break if you move.
Continue?
Okay, then.
Casting: Passwall (safe; 4% risk of failure)
Confirm with . or Enter, or press ? or * to list all spells.
Aiming: Passwall (safe; 4% risk of failure)
Press: ? - help, Dir - move target A rock wall, covered with ice.
Your frozen ramparts will break if you move.
Continue?
The wall freezes the boulder beetle but does no damage.
The boulder beetle bites you.
The wall freezes the jumping spider.
The jumping spider pounces on you. The jumping spider bites you.
The wall freezes the tarantella.
The tarantella touches you!
* * * LOW HITPOINT WARNING * * *
You are confused.
The wall freezes the jumping spider but does no damage.
The jumping spider pounces on you.
* * * LOW HITPOINT WARNING * * *
The jumping spider closely misses you.
You begin to meditate on the wall.
You continue meditating on the rock.
The wall freezes the jumping spider.
The jumping spider pounces on you.
* * * LOW HITPOINT WARNING * * *
The jumping spider bites you but does no damage.
The wall freezes the tarantella.
The tarantella misses you.
The wall freezes the jumping spider.
The jumping spider closely misses you.
The jumping spider bites you but does no damage.
The wall freezes the boulder beetle!
The boulder beetle bites you!
* * * LOW HITPOINT WARNING * * *
The wall freezes the jumping spider!
The jumping spider pounces on you.
* * * LOW HITPOINT WARNING * * *
The jumping spider barely misses you.
The wall freezes the tarantella.
The tarantella touches you!
* * * LOW HITPOINT WARNING * * *
The wall freezes the jumping spider.
The jumping spider closely misses you. The jumping spider bites you.
You die...

* *, ,* ,
* ** * ,
, *###^
,* * ^ *
.#.,* ***
, , * #..
* # , ,
#$.###,
^# #....#
,..# , ,
* , #...#
..# ,
#.sB#^..#
, #@s.#
,,,*
*#.s...#
* .#.####
, ,* ,#.
## , **
**.#* ,
## , ,,,
* ,*


You could see a boulder beetle, 2 jumping spiders and a tarantella.

Vanquished Creatures
  A hydra (Lair:2)
  An orb spider (Spider:1)
  2 wolf spiders
  An unseen horror (D:10)
  3 komodo dragons
  2 cane toads (Lair:1)
  A demonic crawler (Spider:1)
  A hornet (D:8)
  A troll (D:9)
  Grinder (D:5)
  Sigmund (D:5)
  13 yaks
  A vampire (D:8)
  Eustachio (D:5)
  3 wyverns (D:8)
  3 fire bats (Lair:2)
  A basilisk (Lair:2)
  A steam dragon (D:8)
  Menkaure (D:5)
  Edmund (D:5)
  An acid dragon (D:9)
  8 water moccasins
  2 black bears
  2 orc warriors
  Pargi (Sewer)
  A centaur (D:9)
  4 kobold brigands
  4 bullfrogs
  A gnoll sergeant (D:10)
  A necrophage (D:6)
  2 scorpions
  A wight (D:8)
  A howler monkey (D:6)
  2 electric eels (D:6)
  3 orc priests
  2 hounds
  5 iguanas
  7 orc wizards
  11 adders
  4 gnolls (D:10)
  A shadow imp (D:7)
  4 white imps
  An ufetubus (D:5)
  2 worms (D:4)
  26 orcs
  2 ball pythons (Sewer)
  3 endoplasms
  2 giant cockroaches (D:3)
  4 goblins
  2 hobgoblins
  20 kobolds
  4 frilled lizards (Sewer)
  3 hobgoblin zombies (D:5)
  A kobold zombie (D:5)
  A rat (D:1)
179 creatures vanquished.

Vanquished Creatures (collateral kills)
  A mummy (D:5)
1 creature vanquished.

Vanquished Creatures (others)
  A bush (D:6)
  16 fungi
  15 plants
32 creatures vanquished.

Grand Total: 212 creatures vanquished

Notes
Turn   | Place    | Note
-------+----------+-------------------------------------------
     0 | D:1      | hawla the Meteoran Ice Elementalist began the quest for the
                  | Orb.
     0 | D:1      | Reached XP level 1. HP: 14/14 MP: 5/5
   109 | D:3      | Reached XP level 2. HP: 20/20 MP: 3/6
   122 | D:3      | Found a glowing drain.
   133 | D:3      | Reached skill level 3 in Spellcasting
   135 | D:3      | Reached XP level 3. HP: 22/26 MP: 0/8
   152 | D:3      | Reached skill level 5 in Ice Magic
   183 | D:3      | Reached XP level 4. HP: 20/33 MP: 1/10
   212 | Sewer    | Entered a sewer
   217 | Sewer    | Learned a level 3 spell: Frozen Ramparts
   260 | Sewer    | Noticed Pargi
   266 | Sewer    | Killed Pargi
   267 | Sewer    | Reached skill level 4 in Spellcasting
   267 | Sewer    | Reached XP level 5. HP: 31/39 MP: 3/12
   365 | D:3      | Identified the ring "Nint" {rPois rC+ rN+ Dex-2}
   377 | D:3      | Reached XP level 6. HP: 38/46 MP: 6/14
   697 | D:4      | Found Ahehifoosua's General Store.
   697 | D:4      | Found Jymaub's General Store.
   746 | D:4      | Bought a wand of mindburst (1) for 14 gold pieces
   836 | D:4      | Found Ylabbaf's Book Emporium.
   906 | D:4      | Found Jegea's Antique Armour Boutique.
   929 | D:4      | Reached skill level 5 in Spellcasting
   955 | D:4      | Learned a level 4 spell: Hailstorm
   980 | D:4      | Reached skill level 1 in Conjurations
  1061 | D:4      | Found Ennuoduo's Distillery.
  1148 | D:5      | Entered Level 5 of the Dungeon
  1155 | D:5      | Identified a scroll of acquirement
  1155 | D:5      | Acquired the +1 pair of gloves of Zin {rElec Regen+ Str-3
                  | Int+2}
  1165 | D:5      | Reached XP level 7. HP: 45/51 MP: 11/15
  1178 | D:5      | Identified the +1 spear "Siwiof" {vorpal, Int+2}
  1220 | D:5      | Reached skill level 1 in Fighting
  1256 | D:5      | Noticed Grinder
  1290 | D:5      | Paralysed by Grinder for 3 turns
  1297 | D:5      | Paralysed by Grinder for 2 turns
  1299 | D:5      | Killed Grinder
  1300 | D:5      | Reached skill level 6 in Spellcasting
  1300 | D:5      | Reached XP level 8. HP: 59/59 MP: 1/18
  1388 | D:5      | Noticed Edmund
  1397 | D:5      | Killed Edmund
  1398 | D:5      | Reached skill level 1 in Evocations
  1415 | D:5      | Noticed Eustachio
  1480 | D:5      | Killed Eustachio
  1481 | D:5      | Reached skill level 7 in Spellcasting
  1612 | D:5      | Noticed Sigmund
  1616 | D:5      | Killed Sigmund
  1617 | D:5      | Gained mutation: You passively map the area around you.
                  | [Meteoran growth]
  1617 | D:5      | Reached XP level 9. HP: 60/64 MP: 19/21
  1642 | D:5      | Noticed Menkaure
  1646 | D:5      | Killed Menkaure
  1647 | D:5      | Reached skill level 5 in Conjurations
  1679 | D:5      | Found an opulent altar of Gozag.
  1966 | D:6      | Reached skill level 8 in Spellcasting
  2017 | D:6      | Found a staircase to the Ecumenical Temple.
  2038 | Temple   | Entered the Ecumenical Temple
  2053 | Temple   | Became a worshipper of Vehumet
  2088 | D:6      | Learned a level 2 spell: Blink
  2289 | D:6      | Found Baal's Dragon-Slaying Spoils.
  2591 | D:6      | Reached skill level 1 in Polearms
  2607 | D:6      | Found a snail-covered altar of Cheibriados.
  2607 | D:6      | Found a broken altar of Ashenzari.
  2608 | D:6      | Found a shimmering blue altar of Sif Muna.
  3165 | D:8      | Learned a level 2 spell: Passwall
  3177 | D:8      | Noticed a hornet
  3185 | D:8      | Killed a hornet
  3291 | D:8      | Reached skill level 9 in Spellcasting
  3478 | D:8      | Reached XP level 10. HP: 35/73 MP: 21/24
  3491 | D:8      | Reached * piety under Vehumet
  3491 | D:8      | Offered knowledge of Shock by Vehumet.
  3524 | D:8      | Found Zirgh's Antique Weapon Boutique.
  3563 | D:8      | Reached skill level 10 in Spellcasting
  3564 | D:8      | Reached skill level 5 in Dodging
  3564 | D:8      | Reached skill level 1 in Translocations
  3956 | D:9      | Found a staircase to the Orcish Mines.
  3962 | D:9      | Reached skill level 11 in Spellcasting
  4010 | D:9      | Reached skill level 10 in Ice Magic
  4010 | D:9      | Reached XP level 11. HP: 82/82 MP: 19/27
  4013 | D:9      | Offered knowledge of Poisonous Vapours by Vehumet.
  4015 | D:9      | Reached ** piety under Vehumet
  4445 | D:9      | Found a stormy altar of Qazlal.
  4588 | D:9      | Noticed a wolf spider
  4595 | D:9      | Killed a wolf spider
  4715 | D:10     | Entered Level 10 of the Dungeon
  4940 | D:10     | Reached skill level 12 in Spellcasting
  5012 | D:10     | Found a shadowy altar of Dithmenos.
  5239 | D:10     | Found a staircase to the Lair.
  5414 | D:4      | Bought a scroll of acquirement for 520 gold pieces
  5559 | Lair:1   | Entered Level 1 of the Lair of Beasts
  5563 | Lair:1   | Acquired the +1 cloak of Haidoggya {Regen+}
  5675 | Lair:1   | Noticed EnigmaticFellow's ghost (journeyman OgFE)
  5706 | Lair:1   | Found a transporter.
  5711 | Lair:1   | Found a transporter.
  6060 | Lair:1   | Glimpsed the power of Zot.
  6086 | Lair:1   | You fall into a shaft and drop 1 floor!
  6089 | Lair:2   | Offered knowledge of Mephitic Cloud by Vehumet.
  6098 | Lair:2   | Learned a level 3 spell: Mephitic Cloud
  6102 | Lair:2   | Noticed a four-headed hydra
  6111 | Lair:2   | Killed a four-headed hydra
  6187 | Lair:2   | Reached XP level 12. HP: 52/91 MP: 29/29
  6191 | Lair:2   | Found a dark tunnel.
  6280 | Lair:2   | Reached skill level 13 in Spellcasting
  6303 | Lair:2   | Found a hole to the Spider Nest.
  6313 | Lair:2   | Reached *** piety under Vehumet
  6338 | Spider:1 | Entered Level 1 of the Spider Nest
  6355 | Spider:1 | Noticed an orb spider
  6358 | Spider:1 | Noticed a radroach
  6394 | Spider:1 | Noticed an orb spider
  6398 | Spider:1 | Killed an orb spider
  6499 | Spider:2 | Noticed a boulder beetle
  6514 | Spider:2 | Noticed an emperor scorpion
  6520 | Spider:2 | Noticed a steelbarb worm
  6529 | Spider:3 | Slain by a jumping spider

Illustrated notes

Levels and vault maps discovered:
D:1:      dpeg_arrival_windows_large_door, layout_basic,
          hellmonk_ecumenical_altar_slurped_away, serial_bayou_pond_d
D:2:      layout_basic, basic_altar, minmay_tiny_reverse_x
D:3:      layout_loops_ring, gup_sewer_entry_glass
D:4:      layout_gridville, serial_shops, shop, nicolae_shop_statue_plus,
          kennysheep_mini_moat, nicolae_lakefront_shop, nicolae_lakefront_shop,
          minmay_misc_feat_alley
D:5:      layout_loops_ring, grunt_gozag_breadcrumbs, minmay_mini_ossuary,
          uniq_menkaure, uniq_eustachio, uniq_grinder, uniq_edmund, uniq_sigmund
D:6:      minmay_klotski, layout_loops_corners,
          chequers_temple_overflow_statue_of_worship, minmay_temple_entry_waves,
          nicolae_shop_dragon_depot, water_boxes_lemuel
D:7:      layout_loops_cross
D:8:      layout_cave_pods, serial_shops, nicolae_shop_overgrown_old_shop,
          minmay_quadrilaterals
D:9:      layout_irregular_city, grunt_qazlal_clouds, orc_0_dummy,
          kennysheep_just_a_vault
D:10:     layout_basic, nicolae_dithmenos_through_a_glass_darkly,
          grunt_lair_entry_orc_guard_hut
Temple:   eino_temple_scatter_basement
Lair:1:   layout_roguey, gammafunk_ghost_hive, serial_bayou_shore_b
Lair:2:   layout_long_grid, spider_nest_entry_web_field,
          nicolae_volcano_entry_batcave, chequers_serial_rivers_marsh,
          cheibrodos_lair_reptile_den
Spider:1: layout_spider_delve, hellmonk_test_site
Spider:2: layout_spider_delve
Spider:3: layout_cave_pods, nicolae_spider_wall_of_niches

Skill      XL: |  1  2  3  4  5  6  7  8  9 10 11 12 |
---------------+-------------------------------------+-----
Spellcasting   | 3 4 5 6 7 9 11 12 13 | 13.4
Ice Magic      | 5 6 7 8 10 11 12 | 12.2
Dodging        | 3 4 5 6 |  6.6
Conjurations   | 3 4 5 6 7 |  7.0
Fighting       | 1 2 3 4 |  4.2
Evocations     | 1 2 |  2.9
Polearms       | 2 3 4 |  4.1
Translocations | 1 |  1.6
Stealth        | |  1.4
Transmutations | |  0.3
Earth Magic    | |  0.2

Action                   |  1- 3 |  4- 6 |  7- 9 | 10-12 || total
-------------------------+-------+-------+-------+-------++-------
Melee: Unarmed           |     6 |     3 |    10 |       ||    19
       Spear             |       |       |    70 |   123 ||   193
       Punch             |       |       |     1 |       ||     1
 Cast: Freeze            |    23 |    41 |    40 |    38 ||   142
       Frozen Ramparts   |       |     6 |    22 |    33 ||    61
       Hailstorm         |       |       |    16 |    71 ||    87
       Blink             |       |       |     3 |     5 ||     8
       Passwall          |       |       |       |     7 ||     7
       Mephitic Cloud    |       |       |       |     1 ||     1
Evoke: Wand              |       |       |    17 |     5 ||    22
  Use: Scroll            |     4 |     6 |     4 |     5 ||    19
       Potion            |     1 |       |     2 |     3 ||     6
Armor: Robe              |     4 |     6 |    31 |    79 ||   120
Dodge: Dodged            |    10 |    24 |    67 |   136 ||   237
